 Dungeon Crawl Stone Soup version 0.18-a0-1542-g9c1a92e (webtiles) character file.

1618 MenacingMecha the Cleaver (level 8, -5/70 HPs)
             Began as a Hill Orc Fighter on Mar 10, 2016.
             Was a Follower of Okawaru.
             Killed from afar by an orc wizard (7 damage)
             ... with a magic dart
             ... on level 7 of the Dungeon.
             The game lasted 00:22:24 (6555 turns).

MenacingMecha the Cleaver (Hill Orc Fighter)        Turns: 6555, Time: 00:22:24

Health: -5/70      AC: 10    Str: 21    XL:     8   Next: 96%
Magic:  8/8        EV: 11    Int:  8    God:    Okawaru [*.....]
Gold:   299        SH:  4    Dex: 10    Spells: 0 memorised, 7 levels left

rFire  . . .     SeeInvis .     a - +0 war axe
rCold  . . .     Gourm    .     u - +0 ring mail (curse)
rNeg   + . .     Faith    .     m - +0 buckler
rPois  +         Spirit   .     (no helmet)
rElec  .         Dismiss  .     z - +1 cloak
rCorr  .         Reflect  .     (no gloves)
SustAt .         Harm     .     p - +1 pair of boots
MR     .....                    F - amulet of regeneration
Stlth  ..........               C - ring of poison resistance
                                E - ring of positive energy

@: not resistant to hostile enchantments, extremely unstealthy
A: no striking features
a: Heroism, Renounce Religion


You were on level 7 of the Dungeon.
You worshipped Okawaru.
Okawaru was aware of your devotion.
You were hungry.

You visited 1 branch of the dungeon, and saw 7 of its levels.

You collected 299 gold pieces.

Inventory:

Hand Weapons
 a - a +0 war axe (weapon)
 b - a +0 blowgun
 B - a +2 hand crossbow of flaming
Missiles
 d - 24 poisoned needles
Armour
 c - a +0 shield
 m - a +0 buckler (worn)
 p - a +1 pair of boots (worn)
 u - a cursed +0 ring mail (worn)
 v - a +0 scale mail
 z - a +1 cloak (worn)
Jewellery
 x - an uncursed ring of ice
 C - a ring of poison resistance (right hand)
 E - a ring of positive energy (left hand)
 F - an amulet of regeneration (around neck)
Scrolls
 e - 2 scrolls of identify {unknown}
 h - 4 scrolls of teleportation {unknown}
 i - 3 scrolls of fog {unknown}
 j - 2 scrolls of blinking {unknown}
 k - a scroll of amnesia {unknown}
 n - 3 scrolls of noise {unknown}
 q - a scroll of fear {unknown}
 r - 3 scrolls of enchant weapon {unknown}
 s - 4 scrolls of recharging {unknown}
 y - a scroll of remove curse {unknown}
Potions
 o - 3 potions of heal wounds {unknown}
 t - a potion of resistance {unknown}
 w - 3 potions of curing {unknown}
 D - 2 potions of cure mutation {unknown}
 G - a potion of might
 H - a potion of flight {unknown}
Books
 A - a book of Debilitation

   Spells                             Type                      Level
   a - Corona                         Hexes                        1
   b - Slow                           Hexes                        2
   c - Gell's Gravitas                Hexes/Translocation          3
   d - Inner Flame                    Hexes/Fire                   3
   e - Cause Fear                     Hexes                        4
   f - Leda's Liquefaction            Hexes/Earth                  4
Comestibles
 f - 7 bread rations
 l - 3 meat rations


   Skills:
 * Level 6.3 Fighting
 * Level 11.2 Axes
 * Level 6.0 Armour
 + Level 2.1 Dodging
 - Level 3.2 Shields


You had 7 spell levels left.
You didn't know any spells.

Dungeon Overview and Level Annotations

Branches:
Dungeon (7/15)             Temple (0/1) D:6

Altars:
Cheibriados
Fedhas
Gozag
Kikubaaqudgha
Okawaru
Pakellas
Trog
Vehumet
Xom

Shops:
D:5 *[

Annotations:
D:2 moth of wrath(behind iron grate)
D:3 corax's ghost, amateur SpAs
D:6 Oddball22's ghost, novice DsVM


Message History

The orc warrior hits you with a halberd of freezing!
* * * LOW HITPOINT WARNING * * *
The orc warrior freezes you.
* * * LOW HITPOINT WARNING * * *
You hit the orc warrior.
The orc warrior is almost dead.
You hit the orc wizard but do no damage.
You barely miss the orc warrior.
The orc warrior is almost dead.
You barely miss the orc wizard. The orc wizard misses you.
The orc warrior hits you with a halberd of freezing.
* * * LOW HITPOINT WARNING * * *
The orc warrior freezes you.
* * * LOW HITPOINT WARNING * * *
You barely miss the orc wizard.
You hit the orc warrior but do no damage.
The orc warrior is almost dead.
The orc wizard gestures at you while chanting.
The magic dart hits you!
You die...

..# ##.............# .##
#............## .# #...........##
##### ## #.#........## ##...# #
##.###.....## ###....# # ##..#
###.### ##......# ### ###...###
### ##........
..#######..##...### ##.........
....##...######.@o### #..........
##....#### ###o..###..........
##..## ###...#.......... #..##
#############............
##..#####..........####..........
#..##........<......# ##.........
#...................# #..###...#
).#................## #..# #####
.##................# #o##


You could see an orc warrior and an orc wizard.

Vanquished Creatures
  Grinder (D:4)
  A sky beast (D:6)
  2 ogres (D:5)
  A centaur (D:6)
  A scorpion (D:6)
  A jelly (D:5)
  A howler monkey (D:4)
  A giant frog zombie (D:6)
  2 centaur zombies
  2 crimson imps
  3 orc priests
  5 orc wizards
  A giant frog skeleton (D:6)
  3 iguanas
  2 centaur skeletons (D:5)
  Natasha (D:4)
  4 worker ants
  A hound zombie (D:5)
  A hound skeleton (D:5)
  2 gnolls
  9 adders
  A shadow imp (D:5)
  2 oozes
  6 worms
  A dart slug (D:1)
  6 giant geckos
  20 orcs
  3 ball pythons
  4 bats
  A giant cockroach (D:2)
  6 goblins
  7 hobgoblins
  4 jackals (D:1)
  12 kobolds
  2 quokkas
  3 giant newts
  7 rats
130 creatures vanquished.

Vanquished Creatures (others)
  2 ogres (D:6)
  A giant frog (D:6)
  An orc wizard (D:6)
  A worker ant (D:6)
  An adder (D:6)
  An orc (D:6)
  A jackal skeleton (D:6)
8 creatures vanquished.

Grand Total: 138 creatures vanquished

Notes
Turn   | Place    | Note
--------------------------------------------------------------
     0 | D:1      | MenacingMecha the Hill Orc Fighter began the quest for the Orb.
     0 | D:1      | Reached XP level 1. HP: 19/19 MP: 1/1
    85 | D:1      | Reached skill level 3 in Axes
   316 | D:1      | Reached XP level 2. HP: 26/26 MP: 2/2
   338 | D:1      | Reached skill level 4 in Axes
   544 | D:1      | Reached XP level 3. HP: 31/31 MP: 3/3
  1233 | D:2      | Reached skill level 5 in Axes
  1292 | D:2      | Noticed a moth of wrath
  1299 | D:2      | Found a bloodstained altar of Trog.
  1418 | D:2      | Reached XP level 4. HP: 18/39 MP: 4/4
  1693 | D:2      | Reached skill level 6 in Axes
  1869 | D:3      | Noticed corax's ghost (amateur SpAs)
  2133 | D:3      | Noticed a phantom
  2541 | D:2      | Reached XP level 5. HP: 31/45 MP: 5/5
  2640 | D:3      | Found an ancient bone altar of Kikubaaqudgha.
  3002 | D:4      | Noticed Grinder
  3019 | D:4      | Killed Grinder
  3019 | D:4      | Reached skill level 8 in Axes
  3019 | D:4      | Reached XP level 6. HP: 30/51 MP: 6/6
  3463 | D:4      | Reached skill level 9 in Axes
  3635 | D:4      | Noticed Natasha
  3640 | D:4      | Found a blossoming altar of Fedhas.
  3650 | D:4      | Killed Natasha
  3650 | D:4      | Reached XP level 7. HP: 26/57 MP: 7/7
  3667 | D:4      | Found an iron altar of Okawaru.
  3810 | D:4      | Found an oddly glowing altar of Pakellas.
  3810 | D:4      | Found an opulent altar of Gozag.
  3819 | D:4      | Found a radiant altar of Vehumet.
  4157 | D:4      | Became a worshipper of Warmaster Okawaru
  4269 | D:5      | Entered Level 5 of the Dungeon
  4367 | D:5      | Found Uwnigr Ivyr's Antique Armour Emporium.
  4381 | D:5      | Found Tarob's Elemental Accessories.
  4479 | D:5      | Reached skill level 10 in Axes
  4479 | D:5      | Reached skill level 1 in Dodging
  4831 | D:5      | Reached XP level 8. HP: 59/67 MP: 8/8
  5409 | D:5      | Reached skill level 5 in Fighting
  5533 | D:5      | Reached * piety under Okawaru
  5562 | D:6      | Noticed Oddball22's ghost (novice DsVM)
  5643 | D:6      | Found a staircase to the Ecumenical Temple.
  5668 | D:6      | Found a shimmering altar of Xom.
  5766 | D:6      | Reached skill level 5 in Armour
  5844 | D:6      | Found a snail-covered altar of Cheibriados.
  5931 | D:6      | Reached skill level 11 in Axes
  6554 | D:7      | HP: 3/70 [orc warrior/halberd of freezing (4)]
  6554 | D:7      | HP: 1/70 [orc warrior/halberd of freezing (2)]
  6555 | D:7      | Killed from afar by an orc wizard

Vault maps used:
D:1:      erik_arrival_cave_to_civilisation, minmay_misc_feat_tower
D:2:      tgw_trog
D:3:      kiku_gazebo_garden_becter, nemelex_deck, first_bread,
          nrook_mini_backslash
D:4:      corexii_shack_village, minmay_overflow_temple_star_hex, uniq_natasha,
          uniq_grinder
D:5:      serial_shops, shop, nicolae_elemental_shop
D:6:      kennysheep_mini_moat, xom_confusion_cloud, temple_statues
D:7:      lemuel_blue_sif_altar, old_standard_altar

Skill      XL: |  1  2  3  4  5  6  7  8 |
---------------+-------------------------+-----
Axes           | 3 4 5 6 8 9 10 11 | 11.2
Fighting       | 4 6 |  6.3
Dodging        | 1 2 |  2.1
Armour         | 4 6 |  6.0
Shields        | |  3.2

Action                   |  1- 3 |  4- 6 |  7- 9 || total
-------------------------+-------+-------+-------++-------
Melee: War axe           |    87 |   142 |   247 ||   476
 Fire: Blowgun           |       |     1 |       ||     1
Invok: Heroism           |       |       |     1 ||     1
  Use: Potion            |     1 |     1 |       ||     2
  Eat: Chunk             |     2 |     6 |     8 ||    16
       Beef jerky        |       |       |     1 ||     1
